 Dungeon Crawl Stone Soup version 0.27.1-34-g3ba077fa99 (webtiles) character file.

Game seed: 15176155163234180370

522398 MisterT the Slayer (level 25, -10/250 HPs)
             Began as a Hill Orc Monk on Jan 9, 2022.
             Was the Champion of Beogh.
             Mangled by a green draconian (23 damage)
             ... on level 1 of the Realm of Zot on Jan 10, 2022.
             The game lasted 06:06:28 (57848 turns).

MisterT the Slayer (Hill Orc Monk)                 Turns: 57848, Time: 06:06:30

Health: -10/250    AC: 45    Str: 32    XL:     25   Next: 33%
Magic:  35/35      EV: 10    Int:  7    God:    Beogh [******]
Gold:   2140       SH: 37    Dex: 13    Spells: 24/24 levels left

rFire    + . .     SeeInvis +   a - +9 broad axe (vamp)
rCold    + . .     Faith    +   S - +10 tower shield of Ignorance {rN+ Int-4}
rNeg     + + .     Spirit   .   z - +8 orange crystal plate armour {Archmagi, Int+3 Clar}
rPois    +         Reflect  .   y - -2 hat of the Alchemist {rElec rPois rF+ rC+ rN+ Will+ rMut rCorr}
rElec    +         Harm     .   K - +2 cloak {Will+}
rCorr    +         Rampage  +   P - +2 pair of gloves
rMut     +         Archmagi +   l - +2 pair of boots {rampage}
Will     +++..     Clarity  +   N - amulet of faith
Stlth    ..........             M - ring of Eternal Harmony {rElec Slay+4}
HPRegen  0.51/turn              Z - ring of the Visionary {rElec rCorr Str+6 Int-2 SInv}
MPRegen  0.24/turn

@: slowed, studying 2 skills, very slow
A: walk on water
}: 3/15 runes: decaying, silver, gossamer
a: Renounce Religion, Smiting, Recall Orcish Followers, Give Item to Named
Follower, Resurrection


You were on level 1 of the Realm of Zot.
You worshipped Beogh.
Beogh was exalted by your worship.
You visited 9 branches of the dungeon, and saw 45 of its levels.
You visited 1 bazaar.
You also visited: Ossuary, Bailey, Ice Cave and Volcano.

You collected 10545 gold pieces.
You spent 8405 gold pieces at shops.

Inventory:

Hand Weapons
 a - a +9 vampiric broad axe (weapon)
 b - a +2 broad axe of flaming
 j - a +1 trident of venom
 m - a +1 arbalest of freezing
 J - a +2 halberd of flaming
Missiles
 i - 10 datura-tipped darts
 u - 89 poisoned darts (quivered)
 w - 25 curare-tipped darts
 H - 6 atropa-tipped darts
Armour
 l - a +2 pair of boots of rampaging (worn)
 y - the -2 hat of the Alchemist (worn) {rElec rPois rF+ rC+ rN+ Will+ rMut rCorr}
   (You found it on level 7 of the Dungeon)

   rF:        It protects you from fire.
   rC:        It protects you from cold.
   rElec:     It insulates you from electricity.
   rPois:     It protects you from poison.
   rN:        It protects you from negative energy.
   rCorr:     It protects you from acid and corrosion.
   rMut:      It protects you from mutation.
   Will:      It increases your willpower.
 z - the +8 orange crystal plate armour (worn) {Archmagi, Int+3 Clar}
   (You bought it in a shop in a bazaar)

   Int:       It affects your intelligence (+3).
   Clar:      It protects you against confusion.
 B - +0 gold dragon scales
 F - a +2 kite shield of protection
 K - a +2 cloak of willpower (worn)
 P - a +2 pair of gloves (worn)
 S - the +10 tower shield of Ignorance (worn) {rN+ Int-4}
   (You found it on level 5 of the Vaults)

   Int:       It affects your intelligence (-4).
   rN:        It protects you from negative energy.
 X - the +6 chain mail of Supple Strength {Regen+ Str+2}
   (You found it on level 4 of the Dungeon)

   Str:       It affects your strength (+2).
   Regen:     It increases your rate of health regeneration.
Jewellery
 o - a ring of resist corrosion
 p - a +4 ring of protection
 G - the ring of Idealism {Fly rPois Str+6}
   (You found it on level 2 of the Depths)

   [ring of flight]

   Str:       It affects your strength (+6).
   rPois:     It protects you from poison.
   Fly:       It grants you flight.
 M - the ring of Eternal Harmony (left hand) {rElec Slay+4}
   (You found it on level 5 of the Vaults)

   [ring of slaying]

   Slay:      It affects your accuracy & damage with ranged weapons and melee
   (+4).
   rElec:     It insulates you from electricity.
 N - an amulet of faith (around neck)
 T - the ring of the Endless Realms {rPois rC+ Will+}
   (You found it on level 5 of the Vaults)

   [ring of willpower]

   rC:        It protects you from cold.
   rPois:     It protects you from poison.
   Will:      It increases your willpower.
 Z - the ring of the Visionary (right hand) {rElec rCorr Str+6 Int-2 SInv}
   (You bought it in a shop on level 4 of the Vaults)

   [ring of see invisible]

   Str:       It affects your strength (+6).
   Int:       It affects your intelligence (-2).
   rElec:     It insulates you from electricity.
   SInv:      It lets you see invisible.
   rCorr:     It protects you from acid and corrosion.
Wands
 r - a wand of paralysis (24)
 E - a wand of acid (26)
 U - a wand of digging (5)
Scrolls
 c - 7 scrolls of blinking
 e - 15 scrolls of teleportation
 g - 6 scrolls of magic mapping
 k - 11 scrolls of fog
 v - 7 scrolls of enchant weapon
 C - a scroll of summoning
 D - 2 scrolls of silence
 I - 2 scrolls of enchant armour
 L - 3 scrolls of brand weapon
 V - 10 scrolls of fear
Potions
 d - 25 potions of curing
 f - 4 potions of haste
 h - 3 potions of lignification
 n - 4 potions of heal wounds
 q - 12 potions of might
 t - 5 potions of berserk rage
 x - 5 potions of resistance
 A - 7 potions of ambrosia
 O - 7 potions of cancellation
 Q - 9 potions of flight
 Y - 4 potions of invisibility


   Skills:
 + Level 25.4 Fighting
 - Level 18.0 Axes
 * Level 21.6 Armour
 + Level 6.9 Dodging
 - Level 1.5 Stealth
 - Level 25.0 Shields
 * Level 16.4 Invocations


You had 24 spell levels left.
You didn't know any spells.
Your spell library contained the following spells:

 Spells                   Type           Power      Damage    Failure   Level
 Animate Skeleton         Necr           0%         N/A       98%         1
 Apportation              Tloc           0%         N/A       98%         1
 Beastly Appendage        Tmut           0%         N/A       98%         1
 Corona                   Hex            0%         N/A       98%         1
 Foxfire                  Conj/Fire      0%         2x1d4     98%         1
 Freeze                   Ice            0%         1d3       98%         1
 Magic Dart               Conj           0%         1d3       98%         1
 Sandblast                Erth           0%         2d4       98%         1
 Summon Small Mammal      Summ           0%         N/A       98%         1
 Corpse Rot               Necr/Air       N/A        N/A       99%         2
 Ensorcelled Hibernation  Hex/Ice        0%         N/A       99%         2
 Passwall                 Tmut/Erth      0%         N/A       99%         2
 Poisonous Vapours        Pois/Air       0%         N/A       99%         2
 Searing Ray              Conj           0%         3d3       99%         2
 Slow                     Hex            0%         N/A       99%         2
 Sublimation of Blood     Necr           0%         N/A       99%         2
 Wereblood                Tmut           0%         N/A       99%         2
 Call Canine Familiar     Summ           0%         N/A       100%        3
 Confusing Touch          Hex            0%         N/A       100%        3
 Dazzling Flash           Conj/Hex       0%         N/A       100%        3
 Frozen Ramparts          Ice            0%         1d2       100%        3
 Gell's Gravitas          Tloc           0%         N/A       100%        3
 Inner Flame              Hex/Fire       0%         N/A       100%        3
 Lesser Beckoning         Tloc           0%         N/A       100%        3
 Portal Projectile        Hex/Tloc       0%         N/A       100%        3
 Spider Form              Tmut/Pois      0%         N/A       100%        3
 Summon Guardian Golem    Hex/Summ       0%         N/A       100%        3
 Teleport Other           Tloc           0%         N/A       100%        3
 Vampiric Draining        Necr           0%         2d6       100%        3
 Fulminant Prism          Conj/Hex       0%         3d6       100%        4
 Hailstorm                Conj/Ice       0%         3d3       100%        4
 Iskenderun's Mystic Bla  Conj/Tloc      0%         2d3       100%        4
 Leda's Liquefaction      Hex/Erth       0%         N/A       100%        4
 Passage of Golubria      Tloc           N/A        N/A       100%        4
 Sticky Flame             Conj/Fire      0%         2d3       100%        4
 Summon Ice Beast         Ice/Summ       0%         N/A       100%        4
 Alistair's Intoxication  Tmut/Pois      0%         N/A       100%        5
 Blade Hands              Tmut           0%         N/A       100%        5
 Bolt of Magma            Conj/Fire/Erth 0%         4d4       100%        5
 Borgnjor's Vile Clutch   Necr/Erth      0%         N/A       100%        5
 Excruciating Wounds      Necr           0%         N/A       100%        5
 Fireball                 Conj/Fire      0%         3d3       100%        5
 Freezing Cloud           Conj/Ice/Air   0%         6-21      100%        5
 Irradiate                Conj/Tmut      0%         3d14      100%        5
 Lee's Rapid Deconstruct  Erth           0%         3d5*      100%        5
 Silence                  Hex/Air        0%         N/A       100%        5
 Summon Forest            Summ/Tloc      0%         N/A       100%        5
 Summon Mana Viper        Hex/Summ       0%         N/A       100%        5
 Yara's Violent Unravell  Hex/Tmut       0%         3d3       100%        5
 Eringya's Noxious Bog    Tmut/Pois      0%         N/A       100%        6
 Shadow Creatures         Summ           N/A        N/A       100%        6
 Simulacrum               Ice/Necr       0%         N/A       100%        6
 Starburst                Conj/Fire      0%         6d3       100%        6
 Statue Form              Tmut/Erth      0%         N/A       100%        6
 Dragon Form              Tmut           0%         N/A       100%        7
 Malign Gateway           Summ/Tloc      0%         N/A       100%        7
 Monstrous Menagerie      Summ           0%         N/A       100%        7
 Summon Hydra             Summ           0%         N/A       100%        7
 Ignition                 Fire           0%         3d3       100%        8
 Lehudib's Crystal Spear  Conj/Erth      0%         10d2      100%        8
 Summon Horrible Things   Summ           0%         N/A       100%        8
 Chain Lightning          Conj/Air       0%         N/A       100%        9
 Fire Storm               Conj/Fire      0%         5d1       100%        9
 Polar Vortex             Ice            0%         N/A       100%        9


Dungeon Overview and Level Annotations

Branches:
Dungeon (15/15)            Temple (0/1) D:7            Lair (6/6) D:8
  Swamp (4/4) Lair:4       Spider (4/4) Lair:3        Slime (0/5) Lair:6
    Orc (2/2) D:10            Elf (3/3) Orc:2        Vaults (5/5) D:13
  Crypt (0/3) Vaults:3     Depths (5/5) D:15            Zot (1/5) Depths:5
Ossuary (visited)          Bailey (visited)           IceCv (visited)
Volcano (visited)

Altars:
Ashenzari
Fedhas
Gozag
Nemelex Xobeh
Ru
Trog
Uskayaw
Vehumet
Wu Jian
Yredelemnul
The Shining One
Beogh

Shops:
Orc:2 [*(:   Elf:1 *(*   Elf:3 *   Vaults:4 *[[:   Depths:1 =::

Portals:
Hell: Depths:1 Depths:2 Depths:3 Depths:4 Depths:5
Abyss: Depths:4
Pandemonium: Depths:3 Depths:5
Ziggurat: Depths:1
Trove: Depths:1 (give +7 demon blade)

Annotations:
Swamp:4 exclusion: 3 oklob plants
Depths:5 2 runed translucent doors


Message History

The bolt of dispelling energy hits you!!!
Your magical effects are unravelling.
* * * LOW HITPOINT WARNING * * *
You block the green draconian's attack. x2; You block the death cob's attack.
You block the white draconian's attack.
The yellow draconian hits you but does no damage.
The purple draconian knight hits you with a +0 long sword!
* * * LOW HITPOINT WARNING * * *
The green draconian hits you with a +1 vorpal flail!
* * * LOW HITPOINT WARNING * * *
x2 You block the green draconian's attack.
The death cob hits you!
* * * LOW HITPOINT WARNING * * *
The death cob drains your vigour!
You feel as though you will be slow longer.
The white draconian hits you but does no damage.
You feel much better. You block the death cob's attack.
You block the yellow draconian's attack.
The death cob hits you but does no damage.
The green draconian rages.
You block the green draconian's attack.
The green draconian tail-slaps you but does no damage.
The white draconian hits you from afar with a +4 trident!
* * * LOW HITPOINT WARNING * * *
The white draconian shifter blinks!
The yellow draconian hits you from afar with a +0 halberd!
* * * LOW HITPOINT WARNING * * *
You block the death cob's attack. You block the green draconian's attack.
The green draconian tail-slaps you but does no damage.
You block the purple draconian knight's attack.
The white draconian hits you but does no damage.
The white draconian shifter gestures at you while chanting.
The yellow draconian blinks!
The white draconian blinks!
You block the red draconian's attack.
The moth of wrath goads the black draconian on!
The black draconian goes berserk!
The yellow draconian barely misses you.
The death cob hits you but does no damage.
The yellow draconian hits you with a +0 mace of protection!
* * * LOW HITPOINT WARNING * * *
The green draconian hits you from afar with a +0 halberd!!
You die...

###### ...#
..# #....##
#..# §.#
......## #..#
.q# .......#
#..# ..#
†......# #..#
Dd####.
.......#
#..####§dddq..
.......#
#....dqzddy...
......##
#....d@d§#
#....##
##..####d.#
###### ##...#
q.# ##...##
.X# ##...##
..#
#######...##
..#
.........##
... .))...^.##
#.. #.)######


You could see a tentacled monstrosity, 2 draconians, a storm dragon (berserk), a
black draconian (berserk), 2 draconians, 2 draconians, 2 draconians, a red
draconian (berserk), 2 draconians, a white draconian shifter, a death cob, a
green draconian annihilator and a moth of wrath.

Vanquished Creatures
  Nikola (Swamp:4)
  3 golden dragons
  4 tentacled monstrosities
  Asterion (Spider:2)
  2 deep elf blademasters
  4 liches
  2 quicksilver dragons
  4 death cobs (Zot:1)
  Kirke (Spider:2)
  A sphinx (Depths:2)
  Gastronok (D:8)
  The ghost of Piask the Bludgeoner, an adept FoAK of Lugonu (Swamp:4)
  4 thorn hunters
  4 tengu reavers
  The ghost of Anuqaetage the Severer, an adept HOFi of Beogh (Spider:1)
  A shadow dragon (Depths:5)
  2 draconian monks (Zot:1)
  Donald (Swamp:4)
  A revenant (Vaults:3)
  A draconian knight (Zot:1)
  3 frost giants
  4 fire giants
  5 draconian scorchers (Zot:1)
  An iron dragon (Depths:1)
  3 deep elf sorcerers
  2 draconian stormcallers (Zot:1)
  4 draconian shifters
  Aizul (Elf:3)
  3 ghost moths
  5 vault wardens
  2 ghouls (Swamp:3)
  A quicksilver ooze (shapeshifter) (Vaults:5)
  6 ironbound preservers
  A spriggan defender (Depths:2)
  12 very ugly things
  2 war gargoyles
  2 draconian annihilators
  6 stone giants
  6 green draconians
  5 black draconians
  8 spark wasps
  6 deep elf demonologists
  Azrael (Elf:1)
  A white draconian (Depths:5)
  9 vampire knights
  4 bunyips
  8 purple draconians
  5 yellow draconians
  6 red draconians
  8 ettins
  4 deep elf annihilators
  4 dire elephants
  4 eleionomae
  2 deep elf death magi
  A merfolk impaler (Depths:3)
  3 merfolk javelineers
  A blizzard demon (Depths:3)
  A crystal guardian (Vaults:2)
  3 shambling mangroves (Swamp:4)
  3 fire dragons
  5 jiangshi
  3 deep elf high priests
  10 yaktaur captains
  3 rakshasas
  3 great orbs of eyes
  An ironbound thunderhulk (Vaults:2)
  Harold (D:9)
  13 hydras
  A peacekeeper (Vaults:2)
  9 ice dragons
  4 spriggan air magi
  9 vault guards
  Erolcha (Orc:2)
  6 ogre magi
  A ghost crab (Swamp:2)
  A centaur warrior (D:14)
  4 dancing weapons (Elf:2)
  An ironbound frostheart (Vaults:3)
  2 two-headed ogres
  12 alligators
  8 deep troll shamans
  A two-headed ogre (shapeshifter) (Vaults:4)
  2 death yaks (Lair:5)
  8 deep troll earth magi
  6 vampire magi
  4 tengu warriors
  An orc high priest (Vaults:3)
  12 deep elf knights
  3 ironbound beastmasters
  A hell knight (Depths:2)
  A spriggan berserker (Depths:5)
  A sun demon (Depths:3)
  A golden dragon zombie (Depths:3)
  5 iron trolls
  3 flayed ghosts
  A skeletal warrior (D:14)
  A death drake (Swamp:3)
  A spectral anaconda (Lair:6)
  6 goliath frogs
  4 swamp dragons (Swamp:4)
  4 spriggan druids
  A torturous demonspawn (Depths:3)
  14 deep trolls
  3 bog bodies
  7 deep elf archers
  2 glowing orange brains
  2 phantasmal warriors
  2 spectral hydras (Swamp:4)
  5 ironbound convokers
  3 orc knights
  An obsidian statue (Lair:6)
  9 deep elf zephyrmancers
  11 wizards
  9 deep elf pyromancers
  An orc sorcerer (Orc:2)
  8 necromancers
  3 orb spiders
  19 ugly things
  3 will-o-the-wisps
  6 wolf spiders
  A manticore (D:11)
  4 moths of wrath
  3 cyclopes
  Joseph (D:10)
  Maurice (D:9)
  3 ice statues (IceCv)
  12 elephants
  2 molten gargoyles (Volcano)
  11 vault sentinels
  A black mamba (Lair:4)
  A gargoyle (Volcano)
  A smoke demon (Depths:3)
  An orange demon (Depths:3)
  5 komodo dragons
  Maggie (D:8)
  3 cane toads
  A rime drake (Lair:4)
  14 yaktaurs
  An efreet (Volcano)
  3 kobold demonologists
  2 ice devils (Depths:3)
  A dire elephant skeleton (Lair:6)
  A freezing wraith (Swamp:4)
  6 tengu conjurers
  A hydra zombie (Swamp:4)
  A hellwing (Depths:3)
  8 jumping spiders
  5 trolls
  The ghost of kalagan the Conjurer, a novice DECj (D:4)
  2 death drake zombies (Swamp:4)
  2 meliai (D:13)
  5 tyrant leeches
  3 hydra skeletons (Swamp:4)
  A spectral elephant (Lair:6)
  15 hornets
  4 blink frogs
  A raiju (shapeshifter) (D:13)
  9 slime creatures
  3 dream sheep (Lair:4)
  3 centaur simulacra
  12 spriggans
  10 redbacks
  2 shadows
  A wraith (Orc:1)
  2 water elementals
  3 tarantellas
  3 wyverns
  19 yaks
  A dire elephant simulacrum (IceCv)
  7 basilisks
  2 fire bats (Volcano)
  5 fire elementals
  A golden eye (shapeshifter) (D:14)
  An elf zombie (Vaults:2)
  A steam dragon (D:9)
  A death yak simulacrum (IceCv)
  Grum (D:8)
  21 vampire mosquitoes
  2 wargs
  A harpy simulacrum (IceCv)
  19 swamp worms
  4 hydra simulacra (Swamp:4)
  An acid dragon (D:11)
  11 water moccasins
  2 hell hounds (Elf:1)
  A floating eye (Depths:2)
  5 orc warriors
  5 swamp drakes (Swamp:4)
  3 ice beasts
  2 black bears
  A necrophage (D:7)
  3 swamp dragon zombies (Swamp:4)
  6 wolves
  13 ogres
  8 boggarts
  3 centaurs
  A swamp dragon skeleton (Swamp:4)
  3 elephant skeletons (Lair:6)
  A phantom (D:10)
  5 kobold brigands
  8 bullfrogs
  A gnoll sergeant (D:6)
  4 cane toad simulacra
  2 earth elementals (Volcano)
  3 water moccasin zombies (Ossuary)
  4 killer bees (D:7)
  3 troll zombies (D:10)
  2 elephant simulacra
  8 howler monkeys
  11 wights
  5 lava snakes (Volcano)
  A bullfrog zombie (D:6)
  5 centaur zombies
  9 hounds
  3 jellies
  A centaur skeleton (D:7)
  9 orc priests
  6 gnoll shamans
  A bullfrog skeleton (D:4)
  Natasha (thrice) (D:2)
  7 hell rats (Lair:2)
  4 iguanas
  8 orc wizards
  2 wolf simulacra (IceCv)
  3 ogre zombies (D:10)
  A hound skeleton (D:5)
  2 mummies (Ossuary)
  21 gnolls
  8 river rats (Lair:2)
  7 adders
  2 shadow imps
  A white imp (D:11)
  3 adder zombies (Ossuary)
  3 dart slugs
  13 orcs
  4 ball pythons
  4 bats
  9 endoplasms
  12 giant cockroaches
  10 goblins
  7 hobgoblins
  3 jackals (D:1)
  8 quokkas
  5 frilled lizards
  6 gnoll zombies (Ossuary)
  A goblin skeleton (D:10)
  A goblin zombie (D:10)
  6 hobgoblin zombies
  33 kobolds
  4 kobold zombies (Ossuary)
  2 orc skeletons (D:10)
  10 orc zombies
  12 rats
1117 creatures vanquished.

Vanquished Creatures (collateral kills)
  2 ancient liches
  A dread lich (D:15)
  Sojobo (Vaults:3)
  The ghost of deprived the Bringer of Light, a veteran HOFi of the Shining One (Vaults:4)
  Bai Suzhen (Depths:3)
  2 golden dragons
  2 tentacled monstrosities
  A lich (Vaults:2)
  2 deep elf master archers (Elf:3)
  A deep elf blademaster (Elf:3)
  A titan (Vaults:5)
  Agnes (Spider:1)
  3 storm dragons (Vaults:5)
  2 sphinxes
  3 shadow dragons
  A revenant (Vaults:3)
  4 tengu reavers
  6 frost giants
  The ghost of Cumifues the Severer, a journeyman MiMo of Qazlal (Spider:1)
  2 ghost moths
  2 fire giants
  16 vault wardens
  3 deep elf sorcerers
  A balrug (Depths:1)
  4 deep elf elementalists (Elf:3)
  10 emperor scorpions
  16 ironbound preservers
  3 orc warlords
  The ghost of Cumomo the Carver, an adept SpEn of Kikubaaqudgha (Spider:1)
  4 stone giants
  13 very ugly things
  2 war gargoyles
  A juggernaut skeleton (Depths:3)
  Nessos (Lair:4)
  2 vampire knights
  5 deep elf demonologists
  8 entropy weavers
  7 dire elephants
  A white draconian (Depths:5)
  2 spark wasps (Spider:1)
  8 deep elf annihilators
  Snorg (D:12)
  4 deep elf death magi
  A crystal guardian (Vaults:2)
  14 ettins
  3 deep elf high priests
  4 fire dragons
  4 ironbound thunderhulks
  A jiangshi (Depths:2)
  15 yaktaur captains
  Josephine (Orc:1)
  24 vault guards
  6 boulder beetles
  Fannar (D:11)
  4 great orbs of eyes
  2 ogre magi (Depths:2)
  3 rakshasas
  A catoblepas (Lair:6)
  The ghost of ciphuk the Covert, a journeyman VSGl of Uskayaw (D:14)
  A hell beast (Depths:1)
  16 hydras
  2 ironbound frosthearts
  5 centaur warriors (Vaults:2)
  The ghost of kalagan the Thaumaturge, a journeyman DECj of Sif Muna (D:11)
  8 ice dragons
  2 peacekeepers
  A death knight (D:12)
  3 two-headed ogres
  A spriggan air mage (Depths:2)
  23 dancing weapons
  2 deep troll earth magi (Depths:1)
  4 death yaks (Lair:5)
  3 deep troll shamans
  5 tengu warriors
  A vampire mage (Vaults:3)
  3 ironbound beastmasters
  2 alligators
  A soul eater (Depths:1)
  4 orc high priests
  8 deep elf knights
  Sonja (Lair:5)
  5 spriggans
  An iron troll (Depths:1)
  4 skeletal warriors (D:14)
  2 flayed ghosts
  A spriggan druid (Swamp:1)
  23 deep trolls
  7 wizards
  A tengu zombie (Vaults:2)
  A lindwurm (shapeshifter) (Vaults:2)
  7 deep elf archers
  7 phantasmal warriors
  11 ironbound convokers
  4 necromancers
  A shadow dragon zombie (Depths:3)
  22 deep elf zephyrmancers
  17 orb spiders
  12 orc knights
  3 orc sorcerers
  20 ugly things
  21 deep elf pyromancers
  6 harpies
  A shining eye (shapeshifter) (D:15)
  3 oklob plants (Lair:5)
  A fire giant zombie (Depths:3)
  A frost giant zombie (Vaults:2)
  27 wolf spiders
  A cyclops (D:14)
  A frost giant skeleton (Depths:3)
  6 black mambas
  18 elephants
  An ice statue (Spider:1)
  A moth of wrath (Spider:4)
  A centaur zombie (D:10)
  A torpor snail (Lair:5)
  11 vault sentinels
  10 cane toads
  A dire elephant skeleton (Lair:6)
  A rime drake (Lair:6)
  An elf skeleton (Vaults:2)
  15 yaktaurs
  11 demonic crawlers
  4 freezing wraiths
  7 komodo dragons
  A tengu conjurer (Depths:1)
  5 trolls
  44 jumping spiders
  A polar bear (Lair:2)
  A meliai (D:13)
  3 tyrant leeches (Swamp:1)
  7 hornets
  8 slime creatures
  11 blink frogs
  A spectral elephant (Lair:6)
  10 dream sheep
  A meliai zombie (D:11)
  4 water elementals
  A redback (shapeshifter) (Vaults:5)
  3 air elementals
  4 wraiths
  3 hogs (Spider:2)
  23 tarantellas
  87 redbacks
  4 basilisks
  20 yaks
  3 wyverns (Lair:6)
  2 fire elementals (Elf:1)
  2 steam dragons
  A chaos spawn (Depths:3)
  8 vampire mosquitoes
  2 wargs
  2 death yak simulacra (Lair:6)
  4 swamp worms
  6 water moccasins
  An acid dragon (D:14)
  2 hell hounds (Elf:1)
  A floating eye (Depths:3)
  A swamp drake (Swamp:4)
  A meliai simulacrum (D:11)
  16 orc warriors
  A black bear (Lair:4)
  A hornet zombie (D:7)
  2 ice beasts (D:11)
  An elephant zombie (Lair:6)
  5 ogres
  10 wolves
  A boggart (D:15)
  An elephant skeleton (Lair:6)
  2 phantoms (D:10)
  2 kobold brigands
  An earth elemental (Elf:2)
  A killer bee (D:7)
  5 wights
  An electric eel (D:15)
  A lava snake (Volcano)
  9 orc priests
  A jelly (Lair:6)
  10 orc wizards
  A gnoll (Bailey)
  A river rat (Lair:2)
  2 white imps (D:11)
  14 orcs
  2 goblins
  2 hobgoblins (Bailey)
  A kobold (D:13)
  2 quokkas (Lair:2)
  A goblin zombie (D:10)
  2 hobgoblin zombies (D:10)
  2 orc skeletons (D:10)
  An orc zombie (D:10)
  A rat (Lair:2)
  15 bushes
  3 butterflies (Lair:4)
1034 creatures vanquished.

Vanquished Creatures (others)
  Urug (Vaults:5)
  6 orc warlords
  A shadow dragon (Zot:1)
  A draconian knight (Zot:1)
  A green draconian (Zot:1)
  6 orc high priests
  A deep elf knight (Elf:1)
  The ghost of gildax the Thaumaturge, a novice DjAE of Gozag (D:8)
  A goliath frog (Swamp:4)
  23 orc warriors
  A swamp dragon (Swamp:2)
  16 orc knights
  A deep elf zephyrmancer (Elf:3)
  A deep elf pyromancer (Elf:2)
  4 orc sorcerers
  2 bloated husks
  2 jumping spiders
  A tyrant leech (Swamp:3)
  A boggart (D:14)
  28 orc priests
  19 orc wizards
  54 orcs
  A bush (Lair:4)
  6 foxfires
  82 fungi
  90 plants
  22 withered plants (Lair:6)
373 creatures vanquished.

Grand Total: 2524 creatures vanquished

Notes
Turn   | Place    | Note
-------+----------+-------------------------------------------
     0 | D:1      | MisterT the Hill Orc Monk began the quest for the Orb.
     0 | D:1      | Reached XP level 1. HP: 19/19 MP: 1/1
   392 | D:1      | Reached XP level 2. HP: 27/27 MP: 2/2
   729 | D:1      | Reached skill level 1 in Armour
   729 | D:1      | Reached XP level 3. HP: 30/33 MP: 3/3
   730 | D:1      | Reached skill level 5 in Axes
  1939 | D:1      | Reached XP level 4. HP: 22/40 MP: 4/4
  2687 | D:2      | Reached XP level 5. HP: 45/46 MP: 5/5
  2806 | D:2      | Noticed Natasha
  2814 | D:2      | Killed Natasha
  2943 | D:2      | Noticed Natasha
  2948 | D:2      | Killed Natasha
  3053 | D:2      | Noticed Natasha
  3059 | D:2      | Killed Natasha
  3179 | D:3      | Found a faded altar of an unknown god.
  3245 | D:2      | Reached XP level 6. HP: 51/53 MP: 6/6
  3291 | D:3      | Got Plato's Almanac of Stolen Souls
  4646 | D:4      | Found a sparkling altar of Nemelex Xobeh.
  4663 | D:4      | Found a runed translucent door.
  4663 | D:4      | Noticed kalagan's ghost (novice DECj)
  4671 | D:4      | Identified the +6 chain mail of Supple Strength {Regen+
                  | Str+2}
  4685 | D:4      | Identified the +7 hand axe of the Penguin {freeze, rElec
                  | rF+++ Int+2 Dex-5}
  5052 | D:4      | Noticed a wyvern
  5060 | D:4      | Killed a wyvern
  5061 | D:4      | Reached XP level 7. HP: 60/60 MP: 7/7
  5194 | D:5      | Entered Level 5 of the Dungeon
  5919 | D:5      | Reached skill level 5 in Fighting
  5919 | D:5      | Reached skill level 10 in Axes
  5919 | D:5      | Reached XP level 8. HP: 55/68 MP: 8/8
  6166 | D:6      | Reached skill level 5 in Armour
  6464 | D:6      | Became a worshipper of Beogh the Brigand
  6464 | D:6      | Reached * piety under Beogh
  6464 | D:6      | Reached ** piety under Beogh
  6512 | D:6      | Noticed a kobold demonologist
  6523 | D:6      | Reached skill level 1 in Invocations
  6528 | D:6      | Noticed a hellwing
  6529 | D:6      | Reached XP level 9. HP: 47/75 MP: 9/9
  6529 | D:6      | Killed a kobold demonologist
  6866 | D:6      | Found a glowing golden altar of the Shining One.
  6945 | D:6      | Reached *** piety under Beogh
  7338 | D:6      | Found a hide-covered altar of Uskayaw.
  7430 | D:6      | Reached XP level 10. HP: 86/86 MP: 11/13
  7561 | D:7      | Found the -2 hat of the Alchemist {rElec rPois rF+ rC+ rN+
                  | Will+ rMut rCorr}
  7629 | D:7      | Found a sand-covered staircase.
  7640 | Ossuary  | Entered an ossuary
  7769 | Ossuary  | Reached **** piety under Beogh
  7890 | D:7      | Found a staircase to the Ecumenical Temple.
  8302 | D:8      | Noticed Maggie
  8312 | D:8      | Killed Maggie
  8313 | D:8      | Reached skill level 5 in Invocations
  8517 | D:8      | Reached skill level 15 in Axes
  8520 | D:8      | Found a runed translucent gate.
  8520 | D:8      | Identified the +3 chain mail of the Moon {Contam rF+ rC+
                  | Dex+2}
  8520 | D:8      | Noticed gildax's ghost (novice DjAE)
  8521 | D:8      | Found a runed translucent gate.
  8522 | D:8      | Found a runed translucent gate.
  8536 | D:8      | Found a roughly hewn altar of Beogh.
  8552 | D:8      | Killed gildax's ghost
  8638 | D:8      | Noticed Gastronok
  8653 | D:8      | Killed Gastronok
  8654 | D:8      | Reached XP level 11. HP: 44/95 MP: 15/15
  8790 | D:8      | Noticed a boulder beetle
  8812 | D:8      | Killed a boulder beetle
  8911 | D:8      | Noticed Grum
  8930 | D:8      | Killed Grum
  9003 | D:8      | Found a staircase to the Lair.
  9079 | D:8      | Reached ***** piety under Beogh
  9753 | D:9      | Noticed Harold
  9769 | D:9      | Killed Harold
  9770 | D:9      | Noticed Maurice
  9786 | D:9      | Killed Maurice
  9889 | D:9      | Found a blossoming altar of Fedhas.
  9889 | D:9      | Found a radiant altar of Vehumet.
 10142 | D:9      | Found a sacrificial altar of Ru.
 10260 | D:9      | Reached skill level 10 in Fighting
 10508 | D:10     | Entered Level 10 of the Dungeon
 10566 | D:10     | Found a staircase to the Orcish Mines.
 10632 | D:10     | Gained Horkud as an ally
 10697 | D:10     | Noticed Urug
 10762 | D:10     | Noticed a two-headed ogre
 10770 | D:10     | Killed a two-headed ogre
 10911 | D:10     | Reached XP level 12. HP: 98/108 MP: 18/18
 11209 | D:10     | Reached ****** piety under Beogh
 11338 | D:10     | Noticed Joseph
 11357 | D:10     | Killed Joseph
 11358 | D:10     | Reached skill level 10 in Armour
 11512 | Lair:1   | Entered Level 1 of the Lair of Beasts
 11531 | Lair:1   | Noticed a five-headed hydra
 11538 | Lair:1   | Killed a five-headed hydra
 11641 | Lair:1   | Noticed a five-headed hydra
 11653 | Lair:1   | Killed a four-headed hydra
 12209 | Lair:2   | Noticed a five-headed hydra
 12219 | Lair:2   | Killed a seven-headed hydra
 12422 | Lair:2   | Noticed a six-headed hydra
 12448 | Lair:2   | Killed a seven-headed hydra
 12463 | Lair:2   | Gained Grimold as an ally
 12558 | Lair:2   | Reached skill level 10 in Invocations
 13201 | Orc:1    | Entered Level 1 of the Orcish Mines
 13203 | Orc:1    | Paralysed by an orc sorcerer for 4 turns
 13211 | Orc:1    | Noticed Josephine
 13218 | Orc:1    | Killed Josephine
 13347 | Orc:1    | Noticed a two-headed ogre
 13358 | Orc:1    | Killed a two-headed ogre
 13359 | Orc:1    | Reached XP level 13. HP: 83/119 MP: 20/20
 13432 | Orc:2    | Entered Level 2 of the Orcish Mines
 13460 | Orc:2    | Found a staircase to the Elven Halls.
 13582 | Orc:2    | Noticed an orc warlord
 13584 | Orc:2    | Gained Zorug as an ally
 13610 | Orc:2    | Gained Wargrak as an ally
 13633 | Orc:2    | Killed Erolcha
 13675 | Orc:2    | Found Fag Myle's General Store.
 13675 | Orc:2    | Found Ezishral's Antique Armour Shop.
 13675 | Orc:2    | Found Campuis's Book Boutique.
 13675 | Orc:2    | Found Itym's Antique Weapon Shop.
 13758 | Orc:2    | Bought a scroll of acquirement for 676 gold pieces
 13758 | Orc:2    | Acquired a +1 pair of boots of stealth
 14146 | Orc:2    | Gained Thorok as an ally
 14942 | Lair:3   | Found a frozen archway.
 14963 | IceCv    | Entered an ice cave
 15291 | IceCv    | Reached skill level 1 in Shields
 15528 | Lair:3   | Found a dark tunnel.
 15543 | Volcano  | Entered a volcano
 15835 | Volcano  | Found a bloodstained altar of Trog.
 15898 | Volcano  | Noticed a stone giant
 15908 | Volcano  | Killed a stone giant
 16069 | Lair:3   | Acquired an amulet of faith
 16138 | Lair:3   | Found a hole to the Spider Nest.
 16572 | Lair:3   | Reached XP level 14. HP: 107/132 MP: 23/23
 17095 | Lair:4   | Reached skill level 5 in Shields
 17125 | Lair:4   | Noticed Nessos
 17138 | Lair:4   | Killed Nessos
 17972 | Lair:4   | Found a staircase to the Swamp.
 18148 | Lair:5   | Gained Beowulf as an ally
 18908 | Lair:5   | Noticed Sonja
 18920 | Lair:5   | Killed Sonja
 19212 | Lair:6   | Entered Level 6 of the Lair of Beasts
 19415 | Lair:6   | Found a radiant altar of Vehumet.
 19533 | Lair:6   | Reached skill level 15 in Fighting
 19567 | Lair:6   | Found a staircase to the Slime Pits.
 20005 | Lair:6   | Noticed a dire elephant
 20005 | Lair:6   | Noticed a dire elephant
 20045 | Lair:6   | Reached XP level 15. HP: 137/141 MP: 24/24
 20144 | Lair:6   | Got the Almanac of Fire
 21142 | D:11     | Reached skill level 10 in Shields
 21153 | D:11     | Found a runed translucent gate.
 21156 | D:11     | Found a runed translucent gate.
 21156 | D:11     | Found a runed translucent gate.
 21181 | D:11     | Noticed kalagan's ghost (journeyman DECj)
 21221 | D:11     | Killed kalagan's ghost
 21254 | D:11     | Identified the +3 double sword of Proximity {venom, rPois
                  | Will+ MP+9 Int-5}
 21354 | D:11     | Noticed Fannar
 21362 | D:11     | Killed Fannar
 21941 | D:12     | Noticed Snorg
 21942 | D:12     | Found a bloodstained altar of Trog.
 21948 | D:12     | Killed Snorg
 21948 | D:12     | Gained Garbold as an ally
 22036 | D:12     | Identified the amulet of Loqos {Regen+ Int+3}
 22476 | D:13     | Found a flagged portal.
 22508 | Bailey   | Entered a bailey
 22735 | Bailey   | Identified the +11 trident "Icil" {vorpal, Str+4}
 23445 | D:13     | Found a gate to the Vaults.
 23942 | Orc:2    | Bought a shiny plate armour for 728 gold pieces
 23943 | Orc:2    | Bought a glowing glaive for 218 gold pieces
 23952 | Orc:2    | Bought a potion of heal wounds for 65 gold pieces
 23952 | Orc:2    | Bought a scroll of magic mapping for 45 gold pieces
 24215 | Spider:1 | Entered Level 1 of the Spider Nest
 24326 | Spider:1 | Noticed Cumifues's ghost (journeyman MiMo)
 24326 | Spider:1 | Noticed an emperor scorpion
 24327 | Spider:1 | Found a transporter.
 24338 | Spider:1 | Found a transporter.
 24350 | Spider:1 | Noticed Anuqaetage's ghost (adept HOFi)
 24360 | Spider:1 | Noticed Cumomo's ghost (adept SpEn)
 24657 | Spider:1 | Noticed an emperor scorpion
 24666 | Spider:1 | Killed an emperor scorpion
 24941 | Spider:1 | Noticed Agnes
 24951 | Spider:1 | Killed Agnes
 25040 | Spider:1 | Identified the +2 robe of Ethics {rN+}
 25040 | Spider:1 | You fall into a shaft and drop 1 floor!
 25116 | Spider:2 | Killed a ghost moth
 25117 | Spider:2 | Reached skill level 15 in Armour
 25364 | Spider:1 | Reached XP level 16. HP: 76/151 MP: 26/26
 26064 | Spider:2 | Noticed Asterion
 26071 | Spider:2 | Killed Asterion
 26428 | Spider:2 | Noticed Kirke
 26440 | Spider:2 | Killed Kirke
 26953 | Spider:3 | Your ally Thorok died
 27570 | Spider:4 | Entered Level 4 of the Spider Nest
 27809 | Spider:3 | Gained Koronagh as an ally
 27827 | Spider:3 | Gained Beowulf as an ally
 27968 | Spider:4 | Gained Spirok as an ally
 28402 | Spider:4 | Reached XP level 17. HP: 159/159 MP: 27/27
 28445 | Spider:4 | Got a gossamer rune of Zot
 28900 | Elf:1    | Entered Level 1 of the Elven Halls
 28972 | Elf:1    | Reached skill level 15 in Shields
 29049 | Elf:1    | Found a radiant altar of Vehumet.
 29332 | Elf:1    | Found Pyra's General Store.
 29334 | Elf:1    | Found Iddupeti's Weapon Boutique.
 29338 | Elf:1    | Found Plog's Assorted Antiques.
 29363 | Elf:1    | Bought a scroll of identify for 56 gold pieces
 29363 | Elf:1    | Bought an orange potion for 25 gold pieces
 29363 | Elf:1    | Bought a slimy chain mail for 266 gold pieces
 29363 | Elf:1    | Identified the +0 chain mail of Winter {+Inv} (You bought
                  | it in a shop on level 1 of the Elven Halls)
 29367 | Elf:1    | Bought a scroll of enchant weapon for 135 gold pieces
 29367 | Elf:1    | Bought a scroll of enchant weapon for 135 gold pieces
 29367 | Elf:1    | Bought a potion of invisibility for 144 gold pieces
 29408 | Elf:1    | Noticed Azrael
 29439 | Elf:1    | Killed Azrael
 29656 | Elf:1    | Your ally Grimold died
 30301 | Elf:2    | Your ally Grimold died
 30373 | Elf:2    | Your ally Koronagh died
 30402 | Elf:2    | Your ally Beowulf died
 30849 | Elf:2    | Found a runed translucent gate.
 30849 | Elf:2    | Found a runed translucent gate.
 30854 | Elf:2    | Found a runed translucent gate.
 31139 | Elf:2    | Noticed a deep elf blademaster
 31151 | Elf:2    | Killed a deep elf blademaster
 31512 | Elf:3    | Entered Level 3 of the Elven Halls
 31579 | Elf:3    | Noticed a deep elf master archer
 31588 | Elf:3    | Killed a deep elf master archer
 31591 | Elf:3    | Noticed a deep elf blademaster
 31591 | Elf:3    | Noticed Aizul
 31595 | Elf:3    | Noticed an Ice Fiend
 31597 | Elf:3    | Noticed a deep elf master archer
 31600 | Elf:3    | Killed Aizul
 31602 | Elf:3    | Reached XP level 18. HP: 116/171 MP: 21/28
 31604 | Elf:3    | Killed a deep elf blademaster
 31613 | Elf:3    | Killed a deep elf master archer
 32317 | Elf:3    | Identified the +2 lajatang "Fofuph" {vorpal, rN+ Str+3
                  | SInv}
 32318 | Elf:3    | Identified the +9 scimitar of Lileruy {pain, rPois rF+++
                  | rCorr Int-4 Dex+3}
 32321 | Elf:3    | Noticed a Tzitzimitl
 32388 | Elf:3    | Paralysed by an air elemental for 1 turns
 32391 | Elf:3    | Paralysed by an air elemental for 1 turns
 32395 | Elf:3    | Paralysed by an air elemental for 1 turns
 32776 | Elf:3    | Found Mokk's General Store.
 32809 | Elf:3    | Bought a scroll of enchant armour for 127 gold pieces
 32942 | Elf:3    | Identified the ring "Kocel" {rElec Will+ rCorr}
 32943 | Elf:3    | Identified the +6 quarterstaff of the Evil Eye {holy,
                  | +Blink Str+4}
 32949 | Elf:3    | Identified the +4 kite shield "Ufaifatu" {Will+}
 32960 | Elf:3    | Noticed an Ice Fiend
 32979 | Elf:3    | Noticed a deep elf blademaster
 32983 | Elf:3    | Killed a deep elf blademaster
 33699 | D:4      | Killed kalagan's ghost
 33903 | Spider:1 | Killed Anuqaetage's ghost
 33905 | Spider:1 | Your ally Spirok died
 33914 | Spider:1 | Killed Cumomo's ghost
 33914 | Spider:1 | Killed Cumifues's ghost
 34679 | D:14     | Found a runed translucent gate.
 34687 | D:14     | Found a runed translucent gate.
 34687 | D:14     | Found a runed translucent gate.
 34689 | D:14     | Noticed ciphuk's ghost (journeyman VSGl)
 34699 | D:14     | Killed ciphuk's ghost
 35609 | D:15     | Entered Level 15 of the Dungeon
 36414 | D:15     | Found a staircase to the Depths.
 36654 | Vaults:1 | Entered Level 1 of the Vaults
 37072 | Vaults:1 | Reached skill level 15 in Invocations
 37109 | Vaults:1 | Reached XP level 19. HP: 172/183 MP: 30/30
 38353 | Vaults:2 | Identified the +1 chain mail of Yesterday {Harm rC+}
 38851 | Vaults:2 | Gained Bogward as an ally
 38886 | Vaults:2 | Found a huge runed gate.
 38887 | Vaults:2 | Found a huge runed gate.
 38887 | Vaults:2 | Found a huge runed gate.
 38888 | Vaults:2 | Found a huge runed gate.
 38888 | Vaults:2 | Found a huge runed gate.
 38889 | Vaults:2 | Found a huge runed gate.
 38889 | Vaults:2 | Found a huge runed gate.
 38889 | Vaults:2 | Found a huge runed gate.
 38889 | Vaults:2 | Found a huge runed gate.
 38889 | Vaults:2 | Found a huge runed gate.
 38890 | Vaults:2 | Found a huge runed gate.
 38890 | Vaults:2 | Found a huge runed gate.
 38891 | Vaults:2 | Found a huge runed gate.
 38892 | Vaults:2 | Found a huge runed gate.
 38893 | Vaults:2 | Found a huge runed gate.
 38957 | Vaults:2 | Reached skill level 5 in Dodging
 40001 | Vaults:3 | Reached XP level 20. HP: 192/195 MP: 31/31
 40022 | Vaults:3 | Gained Horkud as an ally
 40500 | Vaults:3 | Gained Koronagh as an ally
 40520 | Vaults:3 | Noticed Sojobo
 40540 | Vaults:3 | Killed Sojobo
 40921 | Vaults:3 | Your ally Horkud died
 41060 | Vaults:3 | Found a staircase to the Crypt.
 41835 | Vaults:4 | Found Gozag's Antique Armour Shoppe.
 41858 | Vaults:4 | Found an opulent altar of Gozag.
 41867 | Vaults:4 | Found Gozag's Assorted Antiques.
 41878 | Vaults:4 | Found Gozag's Antique Armour Emporium.
 41881 | Vaults:4 | Bought a smoking wooden ring for 500 gold pieces
 41881 | Vaults:4 | Identified the ring of the Visionary {rElec rCorr Str+6
                  | Int-2 SInv} (You bought it in a shop on level 4 of the
                  | Vaults)
 41897 | Vaults:4 | Bought a pair of masterwork boots for 950 gold pieces
 41897 | Vaults:4 | Identified the +0 pair of boots of Pathos {Int+5 Stlth-}
                  | (You bought it in a shop on level 4 of the Vaults)
 42710 | Vaults:4 | Noticed deprived's ghost (veteran HOFi)
 42716 | Vaults:4 | Found a runed translucent gate.
 42716 | Vaults:4 | Found a runed translucent gate.
 42718 | Vaults:4 | Found a runed translucent gate.
 42757 | Vaults:4 | Gained Milork as an ally
 42758 | Vaults:4 | Killed deprived's ghost
 42771 | Vaults:4 | Identified the +1 pair of boots "Wumecw" {Int+6}
 42889 | Vaults:4 | Found Buelic's Book Shoppe.
 43297 | Vaults:5 | Entered Level 5 of the Vaults
 43494 | Vaults:4 | Reached XP level 21. HP: 142/204 MP: 32/32
 43937 | Vaults:5 | Found the +10 tower shield of Ignorance {rN+ Int-4}
 43969 | Vaults:5 | Identified the +7 spear of a ziggurat {freeze, Dex+3}
 43971 | Vaults:5 | Your ally died
 43972 | Vaults:5 | Identified the ring of the Endless Realms {rPois rC+ Will+}
 43982 | Vaults:5 | Got a silver rune of Zot
 44141 | Vaults:5 | Your ally Bogward died
 44157 | Vaults:5 | Your ally Koronagh died
 44164 | Vaults:5 | Your ally Beowulf died
 44197 | Vaults:5 | Noticed a golden dragon
 44202 | Vaults:5 | Killed a golden dragon
 44224 | Vaults:5 | Identified the ring of Fatigue {*Corrode *Slow rPois rC+
                  | Int+4}
 44239 | Vaults:5 | Identified the ring of the Quahog {rElec rN+ Str-4 Int+9
                  | Dex-4}
 44261 | Vaults:5 | Identified the ring of Eternal Harmony {rElec Slay+4}
 44290 | Vaults:5 | Your ally Wargrak died
 44299 | Vaults:5 | Your ally Milork died
 44326 | Vaults:5 | Gained Thorok as an ally
 44390 | Vaults:5 | Your ally Thorok died
 44777 | Vaults:5 | Identified the +3 shortbow of the Baking Scavenger {speed,
                  | rPois rN+++ rCorr Str-2}
 44785 | Vaults:5 | Got the Disquisition on Harmful Orientation
 45676 | Swamp:1  | Entered Level 1 of the Swamp
 45686 | Swamp:1  | Gained Borgoth as an ally
 45686 | Swamp:1  | Gained Borgoth as an ally
 47172 | Swamp:2  | Identified the +7 flail of Exquisite Torment {vorpal, rElec
                  | Stlth+}
 47189 | Swamp:2  | Reached XP level 22. HP: 214/214 MP: 33/33
 47207 | Swamp:2  | Acquired 658 gold pieces
 47208 | Swamp:2  | Acquired a +1 pair of boots of rampaging
 47209 | Swamp:2  | Acquired a manual of Armour
 47282 | Swamp:2  | Gained Bogbrand as an ally
 47441 | Swamp:3  | Gained Geork as an ally
 47463 | Swamp:3  | Your ally Geork died
 48030 | Swamp:3  | Gained Alork as an ally
 48036 | Swamp:3  | Gained Warbeogh as an ally
 48057 | Swamp:3  | Your ally Warbeogh died
 48384 | Swamp:4  | Entered Level 4 of the Swamp
 48424 | Swamp:4  | Noticed Donald
 48432 | Swamp:4  | Your ally Alork died
 48449 | Swamp:4  | Noticed Nikola
 48458 | Swamp:4  | Killed Nikola
 48630 | Swamp:4  | Killed Donald
 48800 | Swamp:4  | Identified the +2 leather armour of Death's Door {rF+}
 49688 | Swamp:4  | Found a basalt altar of Yredelemnul.
 49701 | Swamp:4  | Got a decaying rune of Zot
 49745 | Swamp:4  | Found a blossoming altar of Fedhas.
 49833 | Swamp:4  | Found a runed translucent door.
 49834 | Swamp:4  | Noticed Piask's ghost (adept FoAK)
 49958 | Swamp:4  | Killed Piask's ghost
 50441 | Depths:1 | Entered Level 1 of the Depths
 50447 | Depths:1 | Gained Horkud as an ally
 50447 | Depths:1 | Gained Orbeogh as an ally
 50582 | Depths:1 | Noticed a dread lich
 50585 | D:15     | Killed a dread lich
 50627 | D:15     | Gained Bogbarth as an ally
 50832 | Depths:1 | Found a broken altar of Ashenzari.
 50944 | Depths:1 | Found a gateway to a ziggurat.
 50962 | Depths:1 | Found a portal to a secret trove of treasure.
 51102 | Depths:1 | Found a gateway to Hell.
 51485 | Depths:1 | Found Ubory's Book Shop.
 51486 | Depths:1 | Found Qasainem's Jewellery Shoppe.
 51487 | Depths:1 | Found Odeinany's Book Shop.
 52005 | Depths:2 | Reached XP level 23. HP: 224/224 MP: 32/34
 52110 | Depths:2 | Identified the amulet of Vimaf {rN++ Will+ Regen+ Dex+6}
 52328 | Depths:2 | Found a flickering gateway to a bazaar.
 52330 | Depths:2 | Noticed an ancient lich
 52372 | Depths:2 | Your ally Bogbrand died
 52384 | Depths:3 | Found a broken altar of Ashenzari.
 52697 | Depths:2 | Killed an ancient lich
 52702 | Bazaar   | Entered a bazaar
 52706 | Bazaar   | Found Vaeple Ilud's Jewellery Boutique.
 52724 | Bazaar   | Found Mausafi's Antique Armour Shoppe.
 52741 | Bazaar   | Found Joareal's Jewellery Boutique.
 52758 | Bazaar   | Found Novee's Antique Weapon Emporium.
 52795 | Bazaar   | Bought the +8 orange crystal plate armour {Archmagi, Int+3
                  | Clar} for 4335 gold pieces
 52795 | Bazaar   | Found the +8 orange crystal plate armour {Archmagi, Int+3
                  | Clar}
 52875 | Depths:2 | Got the Tome of Execration
 53053 | Depths:2 | Your ally Garbold died
 53067 | Depths:2 | Identified the ring of Idealism {Fly rPois Str+6}
 53085 | Depths:2 | Your ally Milork died
 53224 | Depths:2 | Gained Grimold as an ally
 53778 | Depths:3 | Your ally Horkud died
 53802 | Depths:3 | Paralysed by a floating eye for 4 turns
 53893 | Depths:3 | Noticed Bai Suzhen
 53910 | Depths:3 | Killed Bai Suzhen
 54237 | Depths:3 | Found a one-way gate leading to the halls of Pandemonium.
 55011 | Depths:4 | Reached XP level 24. HP: 235/235 MP: 35/35
 55027 | Depths:4 | Gained Bogwald as an ally
 55046 | Depths:4 | Found a one-way gate to the infinite horrors of the Abyss.
 55773 | Depths:4 | Noticed an ancient lich
 55782 | Depths:4 | Killed an ancient lich
 56098 | Depths:5 | Entered Level 5 of the Depths
 56394 | Depths:5 | Found an ornate altar of the Wu Jian Council.
 56776 | Depths:5 | Found a runed translucent door.
 56811 | Depths:5 | Found a runed translucent door.
 56838 | Depths:5 | Gained Zorug as an ally
 56855 | Depths:5 | Your ally Zorug died
 56892 | Depths:5 | Found a runed translucent door.
 56892 | Depths:5 | Found a runed translucent door.
 56961 | Depths:5 | Found a gate to the Realm of Zot.
 57126 | Depths:5 | Found a runed translucent door.
 57126 | Depths:5 | Found a runed translucent door.
 57140 | Depths:5 | Gained Berold as an ally
 57140 | Depths:5 | Your ally Berold died
 57230 | Zot:1    | Entered Level 1 of the Realm of Zot
 57263 | Zot:1    | Gained Boldo as an ally
 57270 | Zot:1    | Your ally Boldo died
 57273 | Zot:1    | Gained Orbeogh as an ally
 57276 | Zot:1    | Your ally Orbeogh died
 57284 | Zot:1    | Reached XP level 25. HP: 248/248 MP: 35/35
 57848 | Zot:1    | Mangled by a green draconian

Illustrated notes

Levels and vault maps discovered:
D:1:      dpeg_cavernosity, layout_basic, st_stairs_14
D:2:      minmay_roachtagon, layout_rooms, uniq_natasha
D:3:      layout_basic, shapermc_ecumenical_altar_rom_forum
D:4:      layout_basic, nicolae_overflow_crystal_walls,
          hellmonk_ghost_happy_afterlife
D:5:      layout_basic, nicolae_zen_rock_garden, minmay_manual_mullet
D:6:      lemuel_castle_with_subvaults [lemuel_castle_interior_original],
          layout_loops_corners, tso_altar, nicolae_overflow_hidden_temple,
          amcnicky_mini_rare_corridor_liquid
D:7:      layout_rooms, minmay_temple_entry_crystal_x,
          nicolae_ossuary_entry_monument
D:8:      layout_basic, lair_entry_dummy, biasface_ghost_orc_armoury,
          uniq_gastronok, uniq_maggie, uniq_grum
D:9:      layout_stronghold, hangedman_ru_absence,
          gammafunk_temple_overflow_elements, uniq_maurice, uniq_harold
D:10:     layout_roguey, zombieorc1_lemuel, grunt_ministairs_3,
          dk_noncrumbling_4, uniq_joseph, uniq_urug
D:11:     layout_long_grid, gammafunk_ghost_icy, uniq_fannar
D:12:     layout_basic, small_statue_intersection, trog_antimagical, uniq_snorg
D:13:     layout_loops_ring, david_vaults_1, enter_bailey_3
D:14:     layout_irregular_city, chequers_arboretum, ebering_ghost_rock_garden
D:15:     gammafunk_enter_depths_forms, layout_basic, minmay_hedge_maze,
          small_statue_intersection, kennysheep_inner_square
Lair:1:   layout_long_grid
Lair:2:   lemuel_ratsnest, layout_hall_layers, minivault_11
Lair:3:   layout_cave_pods, spider_nest_entry_web_field,
          lightli_volcano_entry_magma_tube, portal_ice_cave_entry_pillars_1,
          chequers_serial_rivers_large_a
Lair:4:   layout_roguey, palyth_hydra_swamp_entry, grunt_megastairs_4,
          lemuel_fruit_fields, uniq_nessos
Lair:5:   layout_small_grid, infiniplex_staircase_pool,
          minmay_lair_oklob_chamber, uniq_sonja
Lair:6:   due_jungle_book, layout_regular_city, minmay_slime_entry_pillars,
          basic_altar, hangedman_lair_unloving_vines, grunt_megastairs_3
Swamp:1:  layout_basic_swamp, evilmike_swamp_ruin_house_6,
          nicolae_swamp_bean_lake
Swamp:2:  layout_basic_swamp, evilmike_swamp_ruin_house_1, swamp_pool4
Swamp:3:  nzn_winding_woodlands_small [nzn_winding_woodlands_5x15_garden,
          nzn_winding_woodlands_center_lodge,
          nzn_winding_woodlands_5x15_default], layout_basic_swamp,
          nicolae_swamp_small_spring
Swamp:4:  byrel_swamp_growth_death_and_undeath, layout_basic_swamp,
          ebering_ghost_inner_flame, infiniplex_staircase_pool_2, uniq_donald,
          uniq_nikola
Spider:1: layout_spider_delve, nzn_ghost_randoct, nicolae_spider_paper_wasps,
          uniq_agnes
Spider:2: layout_spider_delve, uniq_kirke, uniq_asterion
Spider:3: layout_spider_delve, drop_trap, nicolae_spider_rock_and_or_roll
Spider:4: grunt_spider_rune_circles, nicolae_spider_webs_and_nodes
Orc:1:    layout_caves, uniq_josephine
Orc:2:    st_orc_congregation, layout_diamond_mine, mines2_lemuel, uniq_erolcha
Elf:1:    nicolae_elf_arrival_fired_up, layout_geoelf_octagon, basic_altar,
          hangedman_elf_represent, minmay_shop_star, uniq_azrael
Elf:2:    elven_hall_of_blades_hangedman_original [grunt_blade_entry_basic],
          layout_rooms
Elf:3:    grunt_elf_hall_diamonds, layout_loops_ring, serial_glass,
          glass_columns_a, glass_columns_c, due_unseen_surprise, serial_shops,
          shop, uniq_aizul
Vaults:1: v_misc_4, hangedman_vaults_impose, nicolae_vaults_mini_display_case,
          hangedman_vaults_river_flow, ontoclasm_vaults_chip, v_misc_2,
          ontoclasm_vaults_loading_screen, nicolae_vaults_meeting,
          v_alt_pattern_4, nicolae_vaults_twisting_passages, grunt_vaults_focal,
          layout_vaults_big_cross
Vaults:2: v_misc_8, nicolae_vaults_network_quinsquares
          [nicolae_vaults_network_quincunx_subvault,
          nicolae_vaults_network_quincunx_subvault,
          nicolae_vaults_network_quincunx_subvault,
          nicolae_vaults_network_quincunx_subvault],
          hangedman_vaults_restitches, grunt_vaults_swirl,
          nicolae_vaults_network_star, v_misc_19, ontoclasm_vaults_eye,
          nicolae_vaults_windows_and_doors_thing, vaults_door_vault,
          ontoclasm_vaults_hangar, v_misc_13, grunt_vaults_diagonal,
          nicolae_vaults_angled_halls, v_misc_13, vaults_dpeg_encased_lava,
          layout_vaults_maze_bifur
Vaults:3: special_room_vaults [special_room_orc], hangedman_vaults_capsules,
          vaults_room_octagon, vaults_dpeg_ring, vaults_standard_mumra_x,
          minmay_crypt_entry_simple_walls, hangedman_vaults_stagger,
          ontoclasm_vaults_ring_square, v_misc_24, v_alt_pattern_4,
          v_alt_pattern_1, layout_vaults_omnigrid, uniq_sojobo
Vaults:4: gammafunk_vaults_ghost_split, nicolae_vaults_ninety_degrees,
          ontoclasm_vaults_shuriken, v_misc_3,
          hangedman_vaults_stretched_pinwheel, v_pattern_1,
          kennysheep_vaults_gozag_temple, nicolae_vaults_specimen_jars,
          layout_vaults_chaotic_city, serial_shops, nicolae_diamond_shop
Vaults:5: serial_shops
Depths:1: layout_basic, enter_ziggurat_e, grunt_mini_vestibule,
          lemuel_crystal_altar, nicolae_trove_entry_isolated, nzn_random_ring,
          minmay_shop_grove
Depths:2: minmay_the_grid_3x3 [minmay_the_grid_tiny_cups,
          minmay_the_grid_holed_spiral, minmay_the_grid_stretched_grid,
          minmay_the_grid_tri_star, minmay_the_grid_minigrid_small,
          minmay_the_grid_embedded, minmay_the_grid_all_tris,
          minmay_the_grid_slots, minmay_the_grid_prize_diamond_cup],
          layout_gridville, serial_shops, bzr_in_the_mist, special_room
          [special_room_magic_class], hangedman_geh_valley,
          hangedman_abyss_or_decor_stabs, serial_bayou_pond_a, fountainhead,
          minmay_staircase_bubble
Depths:3: hangedman_arrow_trap, layout_cave_pools, grunt_pan_entry_in_and_out,
          cheibrodos_ashenzari_chains, grunt_hell_entry_dis_mu, uniq_bai_suzhen
Depths:4: minmay_tri_stars, layout_gridlike, hangedman_coc_ice_floe,
          abyss_entry_glasseish, minmay_staircase_statues_hall_large
Depths:5: evilmike_zot_entry_castle, layout_basic,
          pdpol_wu_jian_five_deadly_venoms, hell_entry, pan_entry
Zot:1:    layout_concentric_octagons

Skill      XL: |  1  2  3  4  5  6  7  8  9 10 11 12 13 14 15 16 17 18 19 20 21 22 23 24 25 |
---------------+----------------------------------------------------------------------------+-----
Armour         | 1 2 3 4 5 6 7 9 12 13 14 15 16 18 19 21 | 21.6
Axes           | 5 6 7 8 10 11 14 15 16 18 | 18.0
Fighting       | 4 5 7 8 10 12 14 15 16 17 19 20 21 22 23 24 25 | 25.4
Invocations    | 1 4 6 8 10 12 13 14 15 16 | 16.4
Shields        | 4 9 12 14 15 16 18 20 22 24 25 | 25.0
Dodging        | 3 5 6 |  6.9
Stealth        | |  1.5

Action                   |  1- 3 |  4- 6 |  7- 9 | 10-12 | 13-15 | 16-18 | 19-21 | 22-24 | 25-27 || total
-------------------------+-------+-------+-------+-------+-------+-------+-------+-------+-------++-------
Melee: Hand axe          |   121 |   119 |   211 |   654 |  1190 |    68 |       |       |       ||  2363
       War axe           |       |    86 |       |       |       |       |       |       |       ||    86
       Flail             |       |       |       |    15 |       |       |       |       |       ||    15
       Broad axe         |       |       |       |       |       |   852 |   869 |  1376 |   136 ||  3233
       Eveningstar       |       |       |       |       |       |     2 |       |       |       ||     2
Throw: Dart              |       |       |       |       |       |     7 |       |       |       ||     7
Invok: Convert to Beogh  |       |       |     1 |       |       |       |       |       |       ||     1
       Recall Orcish Fol |       |       |       |     7 |    10 |    19 |    14 |    15 |       ||    65
       Stop Recall       |       |       |       |     4 |     7 |    13 |     6 |     5 |       ||    35
       Smiting           |       |       |       |     3 |     8 |    23 |    13 |    14 |       ||    61
       Give Item to Name |       |       |       |     1 |     4 |     4 |     6 |     7 |       ||    22
       Resurrection      |       |       |       |       |     1 |     4 |     2 |     1 |       ||     8
  Use: Scroll            |       |       |       |     9 |    14 |    17 |     9 |    10 |       ||    59
       Potion            |       |       |       |       |     3 |     3 |       |     3 |     1 ||    10
 Stab: Sleeping          |     2 |     2 |       |       |       |       |       |       |       ||     4
       Distracted        |       |       |       |     4 |     3 |     8 |    13 |     7 |       ||    35
       Paralysed         |       |       |       |       |     4 |     1 |       |     2 |       ||     7
       Confused          |       |       |       |       |     1 |       |       |     1 |       ||     2
Armor: Ring mail         |    34 |    79 |       |       |       |       |       |       |       ||   113
       Chain mail        |       |    15 |   116 |   335 |   685 |       |       |       |       ||  1151
       Plate armour      |       |       |       |       |    93 |   799 |   467 |   387 |       ||  1746
       Crystal plate arm |       |       |       |       |       |       |       |   272 |    95 ||   367
Dodge: Dodged            |    58 |   142 |    72 |   219 |   340 |   308 |   168 |   249 |    39 ||  1595
Block: Kite shield       |       |       |       |       |   557 |   643 |    29 |       |       ||  1229
       Tower shield      |       |       |       |       |       |       |  1015 |  1765 |   247 ||  3027
